 Dungeon Crawl Stone Soup version 0.29.1-12-g30fa7ad0bf (webtiles) character file.

Game seed: 2580397725281038650

130 Eitelfritz the Slasher (level 4, -1/34 HPs)
             Began as a Minotaur Gladiator on Jan 13, 2023.
             Was a Follower of Hepliaklqana.
             Killed by nerve-wracking pain
             ... invoked by Grinder
              (12 damage)
             ... on level 4 of the Dungeon.
             The game lasted 00:05:10 (2788 turns).

Eitelfritz the Slasher (Minotaur Gladiator)         Turns: 2788, Time: 00:05:11

Health: -1/34      AC:  8    Str: 19    XL:     4   Next: 90%
Magic:  3/3        EV: 10    Int:  7    God:    Hepliaklqana [*.....]
Gold:   126        SH:  0    Dex: 11    Spells: 3/3 levels left

rFire   + . .      SeeInvis .   a - +0 long sword
rCold   . . .      Faith    .   (no shield)
rNeg    . . .      Spirit   .   l - +0 scale mail
rPois   .          Reflect  .   c - +1 hat
rElec   .          Harm     .   (no cloak)
rCorr   .          Rampage  .   o - +0 pair of gloves
Will    .....                   (no boots)
Stlth   ..........              (no amulet)
HPRegen 0.11/turn               g - ring of protection from fire
MPRegen 0.08/turn               (no ring)

@: no status effects
A: reduced essence, horns 2, retaliatory headbutt
a: Renounce Religion, Recall Ancestor, Ancestor Identity


You were on level 4 of the Dungeon.
You worshipped Hepliaklqana.
Hepliaklqana was aware of your devotion.
You visited 1 branch of the dungeon, and saw 4 of its levels.

You collected 126 gold pieces.

Inventory:

Hand Weapons
 a - a +0 long sword (weapon)
 x - a +0 morningstar
Missiles
 e - 8 javelins (quivered)
 i - 2 boomerangs
 v - 4 atropa-tipped darts
Armour
 c - a +1 hat (worn)
 l - a +0 scale mail (worn)
 o - a +0 pair of gloves (worn)
Jewellery
 g - a ring of protection from fire (left hand)
Wands
 y - a wand of flame (18)
Scrolls
 b - a scroll of teleportation
 j - a scroll of poison
Potions
 f - a potion of brilliance {unknown}
 h - 4 potions of heal wounds
 k - a potion of lignification {unknown}
 p - a potion of flight {unknown}
 q - 3 potions of mutation {unknown}
 s - a potion of ambrosia {unknown}
 t - 2 potions of haste {unknown}


   Skills:
 + Level 3.2 Fighting
 + Level 5.4 Long Blades
 + Level 2.5 Throwing
 + Level 1.9 Armour
 + Level 3.7 Dodging
 + Level 0.1 Stealth


You had 3 spell levels left.
You didn't know any spells.
Your spell library contained the following spells:

 Spells                   Type           Power      Damage    Failure   Level
 Apportation              Tloc           0%         N/A       82%         1
 Necrotise                Necr           0%         1d4       82%         1
 Summon Small Mammal      Summ           0%         N/A       82%         1


Dungeon Overview and Level Annotations

Branches:
Dungeon (4/15)
 Temple: D:4-7

Altars:
Hepliaklqana

Annotations:
D:4 Grinder


Innate Abilities, Weirdness & Mutations

Your life essence is reduced to manifest your ancestor. (-10% HP)
You have a pair of horns on your head.
You reflexively headbutt those who attack you in melee.


Message History

Pain shoots through your body! Grinder gestures at you.
Pain shoots through your body! Grinder gestures at you.
You resist with significant effort.
You can move again.
Throw: 2 throwing nets
Press: ? - help, Q - select action, (/) - cycle Shift-Dir - straight line, f/p - Grinder
Aim: Grinder (lightly wounded, ally target, 53% to hit)
You throw a throwing net.
The throwing net closely misses Grinder.
Unknown command.
Throw: throwing net
Press: ? - help, Q - select action, (/) - cycle Shift-Dir - straight line, f/p - Grinder
Aim: Grinder (lightly wounded, ally target, 53% to hit)
You throw a throwing net. The throwing net hits Grinder.
Grinder is caught in the net!
Grinder is lightly wounded.
Grinder says, "Don't move a muscle."
Grinder struggles against the net.
You hit Grinder.
Grinder is lightly wounded.
Grinder gestures at you. Pain shoots through your body!
Grinder struggles against the net.
You hit Grinder. Your headbutt misses Grinder.
Grinder is lightly wounded.
Grinder struggles against the net.
You strike the helpless Grinder from behind!
You hit Grinder. You punch Grinder, but do no damage.
Grinder is moderately wounded.
Grinder struggles against the net.
You hit Grinder. You headbutt Grinder!
Grinder is heavily wounded.
Grinder struggles against the net.
The net rips apart, and Grinder comes free!
You hit Grinder.
Grinder is heavily wounded.
Grinder gestures at you. Pain shoots through your body!
You die...

#.###)#..# #........#
#####.#### #.# #+#
####.#### #.# ###
#.......# #.###.##
#.##.##)# ##.##.#.##
#.##.##.### ##....###.##
#.##....@.# #.<..#####.#
#.#####R#5#####..###.###.
#.# #.#.(.......#...#.#
#.. ..##########.#.#.##
### #### ##.#.## ##.##
###


You could see the friendly Belanum the ancestor and Grinder (ally target).

Vanquished Creatures
  An orc priest (D:3)
  3 adders (D:2)
  2 worms
  2 dart slugs
  4 orcs (D:3)
  2 ball pythons (D:1)
  3 endoplasms
  2 giant cockroaches
  5 goblins
  5 hobgoblins
  4 kobolds
  4 quokkas
  8 bats
  6 frilled lizards
  11 rats
62 creatures vanquished.

Vanquished Creatures (collateral kills)
  An orc (D:4)
1 creature vanquished.

Grand Total: 63 creatures vanquished

Notes
Turn   | Place    | Note
-------+----------+-------------------------------------------
     0 | D:1      | Eitelfritz the Minotaur Gladiator began the quest for the
                  | Orb.
     0 | D:1      | Reached XP level 1. HP: 18/18 MP: 0/0
   122 | D:1      | Reached XP level 2. HP: 18/25 MP: 1/1
   632 | D:1      | Found a faded altar of an unknown god.
   916 | D:1      | Reached skill level 4 in Long Blades
  1086 | D:2      | Found a hazy altar of Hepliaklqana.
  1094 | D:2      | Reached XP level 3. HP: 30/30 MP: 2/2
  1104 | D:2      | Became a worshipper of Hepliaklqana the Forgotten
  1630 | D:2      | Reached skill level 1 in Armour
  1716 | D:2      | Reached XP level 4. HP: 36/37 MP: 3/3
  2100 | D:3      | Reached skill level 5 in Long Blades
  2758 | D:4      | Noticed Grinder
  2759 | D:4      | Reached * piety under Hepliaklqana
  2778 | D:4      | Paralysed by Grinder for 3 turns
  2788 | D:4      | Killed from afar by Grinder

Illustrated notes

Levels and vault maps discovered:
D:1:      erik_arrival_cave_to_civilisation [erik_arrival_cave_to_hall],
          layout_loops_ring, hellmonk_ecumenical_altar_crossroads
D:2:      layout_loops_cross, basic_altar
D:3:      layout_loops_ring
D:4:      layout_loops_corners, xom_teletrap_fun, kennysheep_generic_room_10,
          uniq_menkaure, uniq_grinder, uniq_blork_the_orc

Skill      XL: |  1  2  3  4 |
---------------+-------------+-----
Long Blades    | 4 5 |  5.4
Armour         | 1 |  1.9
Fighting       | 3 |  3.2
Throwing       | |  2.5
Dodging        | |  3.7
Stealth        | |  0.1

Action                   |  1- 3 |  4- 6 || total
-------------------------+-------+-------++-------
Melee: Long sword        |    84 |    44 ||   128
       Headbutt          |     7 |     7 ||    14
       Punch             |       |     1 ||     1
Throw: Throwing net      |       |     3 ||     3
  Use: Scroll            |       |     7 ||     7
 Stab: Held in net/web   |       |     1 ||     1
Armor: Leather armour    |     6 |       ||     6
       Scale mail        |    30 |    15 ||    45
Dodge: Dodged            |    47 |    13 ||    60
